 Dungeon Crawl Stone Soup version 0.21.1-1-g345015f (webtiles) character file.

913 tyranidshit the Distorting Demonspawn (level 7, -5/56 HPs)
             Began as a Demonspawn Abyssal Knight on July 31, 2018.
             Was a Believer of Lugonu.
             Slain by zapotec's ghost (11 damage)
             ... on level 5 of the Dungeon.
             The game lasted 00:12:17 (4444 turns).

tyranidshit the Distorting Demonspawn (DsAK)        Turns: 4444, Time: 00:12:17

Health: -5/56      AC:  9    Str: 12    XL:     7   Next: 82%
Magic:  0/11       EV:  6    Int: 13    God:    Lugonu [**....]
Gold:   161        SH:  0    Dex: 17    Spells: 6/6 levels left

rFire    . . .     SeeInvis .   a - +2 hand axe
rCold    . . .     Gourm    .   (no shield)
rNeg     . . .     Faith    .   e - +0 chain mail
rPois    .         Spirit   +   (no helmet)
rElec    .         Reflect  .   (no cloak)
rCorr    .         Harm     .   (no gloves)
MR       .....                  (no boots)
Stlth    ..........             (no amulet)
HPRegen  0.18/turn              (no ring)
MPRegen  0.12/turn              (no ring)

@: no status effects
A: talons 1, agile 2, deterioration 1, weak 1, magic shield
a: Depart the Abyss, Bend Space, Renounce Religion


You were on level 5 of the Dungeon.
You worshipped Lugonu.
Lugonu was pleased with you.
You were not hungry.

You visited 2 branches of the dungeon, and saw 6 of its levels.
You visited the Abyss 1 time.

You collected 161 gold pieces.

Inventory:

Hand Weapons
 a - a +2 hand axe (weapon)
Armour
 b - a +0 leather armour
 e - a +0 chain mail (worn)
Wands
 i - a wand of random effects (4)
Scrolls
 f - 3 scrolls of remove curse
 g - 4 scrolls of identify
 j - 2 scrolls of enchant weapon
 l - a scroll of teleportation
Potions
 d - 2 potions of curing
 h - a potion of invisibility
 k - a potion of might
 m - a potion of brilliance {unknown}
Comestibles
 c - 6 rations


   Skills:
 - Level 5.0 Fighting
 - Level 1.7 Axes
 - Level 5.0 Armour
 - Level 0.8 Dodging
 + Level 6.0 Invocations
 + Level 3.9 Evocations


You had 6 spell levels left.
You didn't know any spells.

Dungeon Overview and Level Annotations

Branches:
Dungeon (5/15)             Temple (1/1) D:4

Altars:
Dithmenos
Elyvilon
Fedhas
Gozag
Kikubaaqudgha
Makhleb
Nemelex Xobeh
Okawaru
Qazlal
Sif Muna
Trog
Uskayaw
Vehumet
Wu Jian
Xom
Yredelemnul
The Shining One

Annotations:
D:4 1 runed door
D:5 zapotec's ghost, amateur GrFi


Innate Abilities, Weirdness & Mutations

You have sharp toenails.
When hurt, damage is shared between your health and your magic reserves.
You are very agile. (Dex +4)
Your body sometimes deteriorates upon taking damage.
You are weak. (Str -2)


Message History

Evoke which item? (* to show all) (? for menu, Esc to quit)
Aiming: Random Effects
Press: ? - help, Shift-Dir - straight line, f/p - zapotec's ghost
Aim: zapotec's ghost (lightly damaged) Zapotec's ghost flickers and vanishes!
Deactivating autopickup; reactivate with Ctrl-A.
Something hits you!
There is a strange disturbance nearby!
Found 12 gold pieces.
You see here 12 gold pieces.
You hit something. Something hits you!
You completely miss something. You claw something. Something hits you.
You hit something but do no damage. You claw something. Something hits you.
You closely miss something. Something hits you but does no damage.
Something hits you!
* * * LOW HITPOINT WARNING * * *
You completely miss something. Your kick misses something. Something hits you!
* * * LOW HITPOINT WARNING * * *
You hit something. You claw something. Something hits you!
You die...

...##########
.......@{$..#
...########.# ## #.#
#. #.# ####. #.#
#.... #.# #.##.
#######.#### #..W.
#..........#####.##.
#.#####.##.......##.


There were no monsters in sight!

Vanquished Creatures
  The ghost of tyranidshit the Skirmisher, an amateur DsAK of Lugonu (D:3)
  2 phantoms
  A sky beast (D:5)
  A centaur (D:5)
  2 scorpions
  A crimson imp (D:5)
  2 hounds (D:5)
  2 orc wizards (D:5)
  2 worker ants (D:5)
  A hound skeleton (D:5)
  A worker ant zombie (D:5)
  4 adders
  2 oozes
  2 adder skeletons
  An adder zombie (D:5)
  A worm (D:2)
  4 dart slugs (D:1)
  3 leopard geckos
  3 orcs (D:5)
  4 bats
  4 giant cockroaches
  5 goblins
  4 hobgoblins
  3 jackals (D:2)
  2 quokkas
  2 ball pythons
  3 frilled lizards
  5 kobolds
  A leopard gecko skeleton (D:5)
  6 rats
75 creatures vanquished.

Notes
Turn   | Place    | Note
-------+----------+-------------------------------------------
     0 | Abyss:1  | tyranidshit the Demonspawn Abyssal Knight began the quest for the Orb.
     0 | Abyss:1  | Reached XP level 1. HP: 18/18 MP: 2/2
    33 | Abyss:1  | Noticed an orb spider
    64 | Abyss:1  | Noticed an Executioner
    81 | Abyss:1  | Noticed a hell hound
    82 | Abyss:1  | Noticed a hell hound
    84 | Abyss:1  | Noticed a hell hound
    85 | Abyss:1  | Noticed a hell hound
    85 | Abyss:1  | Noticed a hell hound
    85 | D:1      | Escaped the Abyss
   184 | D:1      | Gained mutation: When hurt, damage is shared between your health and your magic reserves. [demonic ancestry]
   184 | D:1      | Reached XP level 2. HP: 20/24 MP: 3/3
   233 | D:1      | Reached * piety under Lugonu
   449 | D:1      | Reached XP level 3. HP: 28/30 MP: 4/4
  1719 | D:3      | Gained mutation: You have sharp toenails. [demonic ancestry]
  1719 | D:3      | Reached XP level 4. HP: 37/38 MP: 5/5
  1739 | D:3      | Reached skill level 5 in Fighting
  1788 | D:3      | Noticed tyranidshit's ghost (amateur DsAK)
  2222 | D:4      | Found a stormy altar of Qazlal.
  2267 | D:4      | Reached ** piety under Lugonu
  2269 | D:4      | Found a shimmering altar of Xom.
  2315 | D:4      | Noticed a phantom
  2483 | D:4      | Killed a phantom
  2483 | D:4      | Reached XP level 5. HP: 5/44 MP: 2/6
  2728 | D:4      | Found a glowing golden altar of the Shining One.
  2728 | D:4      | Found a runed door.
  2728 | D:4      | Noticed an angel
  2786 | D:4      | Found a staircase to the Ecumenical Temple.
  2795 | Temple   | Entered the Ecumenical Temple
  3228 | D:5      | Entered Level 5 of the Dungeon
  3238 | D:5      | Noticed a phantom
  3252 | D:5      | Noticed an ogre
  3595 | D:3      | Killed tyranidshit's ghost
  3595 | D:3      | Reached skill level 5 in Armour
  3595 | D:3      | Reached XP level 6. HP: 19/51 MP: 3/7
  3856 | D:5      | Reached skill level 3 in Invocations
  3856 | D:5      | Reached skill level 1 in Evocations
  3870 | D:5      | Reached XP level 7. HP: 23/56 MP: 3/9
  3887 | D:5      | Reached skill level 4 in Invocations
  3918 | D:5      | Gained mutation: You are agile. (Dex +2) [potion of mutation]
  3918 | D:5      | Gained mutation: You are weak. (Str -2) [potion of mutation]
  3918 | D:5      | Gained mutation: Your body sometimes deteriorates upon taking damage. [potion of mutation]
  3918 | D:5      | Gained mutation: You are very agile. (Dex +4) [potion of mutation]
  3990 | D:5      | Reached skill level 5 in Invocations
  4019 | D:5      | Noticed zapotec's ghost (amateur GrFi)
  4381 | D:5      | Reached skill level 6 in Invocations
  4444 | D:5      | Slain by zapotec's ghost

Skill      XL: |  1  2  3  4  5  6  7 |
---------------+----------------------+-----
Fighting       | 4 5 |  5.0
Armour         | 3 5 |  5.0
Invocations    | 3 6 |  6.0
Evocations     | 1 3 |  3.9
Axes           | |  1.7
Dodging        | |  0.8

Action                   |  1- 3 |  4- 6 |  7- 9 || total
-------------------------+-------+-------+-------++-------
Melee: Hand axe          |   137 |   109 |    96 ||   342
       Kick              |       |    24 |    39 ||    63
Invok: Depart the Abyss  |     1 |       |       ||     1
Evoke: Wand              |       |     7 |    11 ||    18
  Use: Potion            |     4 |     4 |     3 ||    11
       Scroll            |     2 |     2 |     2 ||     6
 Stab: Confused          |       |       |     2 ||     2
  Eat: Ration            |     1 |     2 |     1 ||     4
Armor: Leather armour    |     4 |       |       ||     4
       Chain mail        |    87 |    62 |    61 ||   210
Dodge: Dodged            |    60 |    29 |    25 ||   114
